 Dungeon Crawl Stone Soup version 0.18-a0-1203-gbde16db (webtiles) character file.

1253 M4edhros the Covert (level 8, -4/48 HPs)
             Began as an Octopode Artificer on Jan 31, 2016.
             Was an Initiate of Fedhas.
             Slain by a centaur (9 damage)
             ... on level 6 of the Dungeon.
             The game lasted 00:07:26 (5654 turns).

M4edhros the Covert (Octopode Artificer)            Turns: 5654, Time: 00:07:27

Health: -4/48      AC:  2    Str: 10    XL:     8   Next: 51%
Magic:  13/13      EV: 14    Int: 17    God:    Fedhas [......]
Gold:   173        SH:  0    Dex: 12    Spells: 0 memorised, 7 levels left

rFire  . . .     SeeInvis .     a - +0 short sword
rCold  . . .     Gourm    .     (no shield)
rNeg   . . .     Faith    .     (helmet restricted)
rPois  .         Spirit   .     (no amulet)
rElec  .         Dismiss  .     (no ring)
rCorr  .         Reflect  .     (no ring)
SustAt .         Harm     .     (no ring)
MR     .....     Rnd*Rage +     (no ring)
Stlth  ++++++....               (no ring)
                                (no ring)
                                (no ring)
                                (no ring)

@: not resistant to hostile enchantments, very stealthy
A: almost no armour, amphibious, 8 rings, constrict 8, camouflage 1, berserk 1,
blurry vision 1, high mp 1, regeneration 1, shaggy fur 1, gelatinous body 1
a: Renounce Religion


You were on level 6 of the Dungeon.
You worshipped Fedhas.
Fedhas was noncommittal.
You were hungry.

You visited 2 branches of the dungeon, and saw 7 of its levels.

You collected 173 gold pieces.

Inventory:

Hand Weapons
 a - a +0 short sword (weapon)
 G - a +0 hunting sling
Missiles
 k - 228 stones (quivered)
 o - 33 sling bullets
Jewellery
 q - a cursed ring of teleportation {unknown}
Wands
 b - a wand of flame (2/48)
 c - a wand of enslavement (12/24)
 d - a wand of random effects (2/48)
 s - a wand of draining (6/15)
 z - a wand of confusion (17/48)
Scrolls
 g - 7 scrolls of identify {unknown}
 h - a scroll of noise {unknown}
 m - 3 scrolls of magic mapping {unknown}
 n - 2 scrolls of remove curse {unknown}
 p - 2 scrolls of enchant weapon {unknown}
 t - 2 scrolls of amnesia {unknown}
 u - a scroll of fear {unknown}
 x - a scroll of enchant armour {unknown}
 y - 2 scrolls of random uselessness {unknown}
 D - a scroll of teleportation {unknown}
 E - a scroll of recharging {unknown}
Potions
 e - a potion of ambrosia {unknown}
 i - 4 potions of curing {unknown}
 j - a potion of cancellation {unknown}
 l - a potion of heal wounds {unknown}
 r - a potion of lignification {unknown}
 w - 3 potions of poison {unknown}
 B - a potion of might {unknown}
 C - a potion of agility {unknown}
 H - a potion of magic {unknown}
Comestibles
 f - 2 bread rations
 A - 3 fruits
 F - a meat ration


   Skills:
 - Level 1.0 Fighting
 - Level 1.0 Short Blades
 * Level 3.2 Slings
 + Level 5.1 Dodging
 * Level 9.3 Stealth
 + Level 6.0 Evocations


You had 7 spell levels left.
You didn't know any spells.

Dungeon Overview and Level Annotations

Branches:
Dungeon (6/15)             Temple (1/1) D:5

Altars:
Ashenzari
Cheibriados
Dithmenos
Elyvilon
Fedhas
Gozag
Makhleb
Nemelex Xobeh
Okawaru
Pakellas
Qazlal
Ru
Sif Muna
Trog
Vehumet
Xom
Yredelemnul
Zin
The Shining One

Annotations:
D:4 M4edhros's ghost, novice OpAr


Innate Abilities, Weirdness & Mutations

You cannot wear most types of armour.
You are amphibious.
You can wear up to eight rings at the same time.
You can use your tentacles to constrict eight enemies at once.
Your skin changes colour to match your surroundings (Stealth).
Your rubbery body absorbs attacks (AC +1).
You tend to lose your temper in combat.
Scrolls take you a little longer to read.
You have an increased reservoir of magic (+10% MP).
Your natural rate of healing is unusually fast.
You are covered in fur (AC +1).


Message History

Your Evocations skill increases to level 6!
The centaur shoots an arrow.
The arrow hits you!
Evoke which item? (* to show all) (? for menu, Esc to quit)
Zapping:
d - a wand of random effects (4/48)
Press: ? - help, Shift-Dir - straight line, f - centaur
Aim: a centaur, wielding a shortbow The magic dart hits the centaur.
This wand has 3 charges left.
The centaur unwields an uncursed shortbow.
The centaur completely misses you.
Evoke which item? (* to show all) (? for menu, Esc to quit)
Zapping:
d - a wand of random effects (3/48)
Press: ? - help, Shift-Dir - straight line, f/p - centaur
Aim: a centaur The fireball explodes!
The fireball engulfs the centaur.
The centaur is heavily wounded.
The fireball engulfs you!
This wand has 2 charges left.
The centaur hits you!
* * * LOW HITPOINT WARNING * * *
The centaur hits you!
You die...
Fedhas appreciates your contribution to the ecosystem.

#...?...c..........#
#..................#
#..................#
##..................###
#...................'..
#.(.(((.............###
#(#####################
#.#########....... ...
#>..≈.@c.(........ ...
#.#########.###### ###
#.# ... . #$# ..... #
#.# ....... #.# .......
#.# ....... #. .......


You could see a centaur.

Vanquished Creatures
  A blink frog (D:5)
  A sky beast (D:6)
  An ogre (D:6)
  5 giant frogs
  A scorpion (D:4)
  A giant frog zombie (D:5)
  An orc priest (D:6)
  A hound (D:6)
  A giant frog skeleton (D:4)
  An orc wizard (D:6)
  A centaur skeleton (D:4)
  2 iguanas
  4 worker ants
  6 adders
  A shadow imp (D:6)
  An ooze (D:2)
  An adder skeleton (D:5)
  6 giant geckos
  9 orcs
  A ball python (D:1)
  6 bats
  A giant cockroach (D:4)
  4 goblins
  4 hobgoblins
  10 jackals
  17 kobolds
  A quokka (D:5)
  A giant gecko skeleton (D:4)
  6 giant newts
  A jackal skeleton (D:4)
  4 rats
101 creatures vanquished.

Vanquished Creatures (collateral kills)
  An adder (D:6)
1 creature vanquished.

Vanquished Creatures (others)
  Sigmund (D:2)
  A giant cockroach zombie (D:6)
  17 toadstools
19 creatures vanquished.

Grand Total: 121 creatures vanquished

Notes
Turn   | Place    | Note
--------------------------------------------------------------
     0 | D:1      | M4edhros the Octopode Artificer began the quest for the Orb.
     0 | D:1      | Reached XP level 1. HP: 13/13 MP: 3/3
   210 | D:1      | Reached XP level 2. HP: 13/18 MP: 4/4
   487 | D:2      | Reached XP level 3. HP: 6/23 MP: 5/5
   872 | D:2      | Reached XP level 4. HP: 7/28 MP: 6/6
  1082 | D:2      | Noticed Sigmund
  1128 | D:2      | Killed Sigmund
  1128 | D:2      | Reached skill level 4 in Stealth
  1128 | D:2      | Reached XP level 5. HP: 22/33 MP: 6/8
  1130 | D:3      | Found an iron altar of Okawaru.
  1588 | D:4      | Noticed M4edhros's ghost (novice OpAr)
  1711 | D:4      | Found an opulent altar of Gozag.
  1937 | D:4      | Reached skill level 5 in Stealth
  1941 | D:4      | Reached XP level 6. HP: 24/38 MP: 9/9
  2495 | D:4      | Reached skill level 6 in Stealth
  2730 | D:5      | Entered Level 5 of the Dungeon
  3306 | D:5      | Found a staircase to the Ecumenical Temple.
  3317 | Temple   | Entered the Ecumenical Temple
  3539 | Temple   | Became a worshipper of Xom of Chaos
  3599 | Temple   | Fell from the grace of Xom
  3599 | Temple   | Became a worshipper of Fedhas Madash
  3901 | D:2      | Reached skill level 5 in Evocations
  4010 | D:2      | Found a white marble altar of Elyvilon.
  4065 | D:2      | You fall through a shaft for 2 floors!
  4188 | D:2      | Found a bloodstained altar of Trog.
  4248 | D:3      | Reached skill level 7 in Stealth
  4248 | D:3      | Reached XP level 7. HP: 32/43 MP: 10/10
  4295 | D:3      | XOM: medium Tloc miscast
  4640 | D:5      | XOM: severe Pois miscast
  4934 | D:6      | Found a sacrificial altar of Ru.
  4936 | D:6      | Found a stormy altar of Qazlal.
  4936 | D:6      | Found a glowing golden altar of the Shining One.
  4936 | D:6      | Found a bloodstained altar of Trog.
  4954 | D:6      | Reached skill level 8 in Stealth
  5246 | D:5      | Noticed a blink frog
  5246 | D:5      | a sky beast changed into a blink frog
  5250 | D:5      | Killed a blink frog
  5250 | D:5      | Reached XP level 8. HP: 18/48 MP: 12/12
  5254 | D:5      | Gained mutation: You tend to lose your temper in combat. [mutagenic meat]
  5255 | D:5      | Gained mutation: Your natural rate of healing is unusually fast. [mutagenic meat]
  5257 | D:5      | Gained mutation: Scrolls take you a little longer to read. [mutagenic meat]
  5258 | D:5      | Gained mutation: You have an increased reservoir of magic (+10% MP). [mutagenic meat]
  5430 | D:6      | Reached skill level 5 in Dodging
  5463 | D:6      | XOM: medium Ice miscast
  5500 | D:6      | Reached skill level 9 in Stealth
  5607 | D:6      | Gained mutation: You are covered in fur (AC +1). [mutagenic meat]
  5654 | D:6      | Slain by a centaur

Vault maps used:
D:1:      sevenhm_arrival_forest_fort_small_3
D:2:      nicolae_overflow_hidden_temple, first_bread, trog_butcher_becter,
          uniq_sigmund
D:3:      okawaru_gym_becter
D:4:      nicolae_overflow_crystal_walls, kennysheep_generic_room_6
D:5:      minmay_temple_entry_purple_smoke, hex_tiny, serial_bayou_pond_a
D:6:      grunt_temple_overflow_open, johnstein_pakellas_shop, uniq_duvessa
Temple:   dpeg_five_rooms_temple_12

Action                   |  1- 3 |  4- 6 |  7- 9 || total
-------------------------+-------+-------+-------++-------
Melee: Short sword       |    77 |   111 |    41 ||   229
Evoke: Wand              |     3 |     7 |    19 ||    29
 Stab: Sleeping          |     7 |    12 |     6 ||    25
  Eat: Chunk             |       |     1 |     7 ||     8
       Bread ration      |       |     1 |       ||     1
       Meat ration       |       |     1 |       ||     1
       Royal jelly       |       |     1 |       ||     1
       Pizza             |       |       |     1 ||     1
